 Dungeon Crawl Stone Soup version 0.31.0-11-ge490571c62 (webtiles) character file.

Game seed: 15092910623290145699

1453 DemonSlayer the Magician (level 8, -10/54 HPs)
             Began as a Demonspawn Earth Elementalist on Feb 6, 2024.
             Killed from afar by an electric eel (13 damage)
             ... with a bolt of electricity
             ... on level 6 of the Dungeon.
             The game lasted 00:14:18 (5870 turns).

DemonSlayer the Magician (DsEE)                     Turns: 5870, Time: 00:14:18

Health: -10/54     AC:  2    Str: 12    XL:     8   Next: 47%
Magic:  4/17       EV: 13    Int: 16    God:
Gold:   278        SH:  5    Dex: 14    Spells: 11/20 levels left

rFire   . . .        j - +0 dagger (elec)
rCold   + . .        (no shield)
rNeg    . . .        a - +0 robe
rPois   .            (no helmet)
rElec   .            (no cloak)
rCorr   +            (no gloves)
SInv    .            (no boots)
Will    +....        q - amulet of reflection
Stlth   ++           i - ring of resist corrosion
HPRegen 0.29/turn    l - ring of the Mpinguari {rC+ Will+ Str+4 Dex-2}
MPRegen 0.15/turn

%: reflection
@: no status effects
A: demonic guardian 1, ignite blood 1, sturdy frame 1, weakness stinger 1
a: no special abilities


You were on level 6 of the Dungeon.
You visited 2 branches of the dungeon, and saw 7 of its levels.

You collected 278 gold pieces.

Inventory:

Hand Weapons
 j - a +0 dagger of electrocution (weapon)
Armour
 a - a +0 robe (worn)
Jewellery
 i - a ring of resist corrosion (left hand)
 l - the ring of the Mpinguari (right hand) {rC+ Will+ Str+4 Dex-2}
   (You took it off an orc on level 3 of the Dungeon)

   [ring of willpower]

   Str+4:     It affects your strength (+4).
   Dex-2:     It affects your dexterity (-2).
   rC+:       It protects you from cold.
   Will+:     It increases your willpower.
 n - a ring of positive energy
 q - an amulet of reflection (around neck)
 v - a ring of positive energy
Wands
 o - a wand of charming (15)
 u - a wand of mindburst (12)
Scrolls
 b - a scroll of poison {unknown}
 d - 9 scrolls of identify
 e - a scroll of fog {unknown}
 f - a scroll of noise {unknown}
 g - a scroll of fear {unknown}
 m - a scroll of torment {unknown}
 p - 2 scrolls of teleportation {unknown}
 r - a scroll of silence {unknown}
 s - 2 scrolls of enchant weapon {unknown}
 t - a scroll of amnesia {unknown}
 w - a scroll of vulnerability {unknown}
Potions
 c - 2 potions of attraction
 h - a potion of haste


   Skills:
 + Level 1.2 Fighting
 + Level 2.9 Dodging
 + Level 2.7 Stealth
 + Level 1.0 Shields
 + Level 0.1 Unarmed Combat
 + Level 6.5 Spellcasting
 + Level 3.0 Conjurations
 + Level 6.1 Earth Magic
 + Level 1.0 Evocations


You had 11 spell levels left.
You knew the following spells:

 Your Spells              Type           Power      Damage    Failure   Level
a - Sandblast             Erth           48%        2d12      1%          1
b - Stone Arrow           Conj/Erth      40%        3d9       6%          3
c - Blink                 Tloc           10%        N/A       21%         2
d - Passwall              Erth           24%        N/A       3%          3

Your spell library contained the following spells:

 Spells                   Type           Power      Damage    Failure   Level
 Foxfire                  Conj/Fire      40%        2x1d6     7%          1
 Sting                    Conj/Alch      40%        1d5       7%          1
 Momentum Strike          Conj/Tloc      20%        3d8       11%         2
 Freeze                   Ice            20%        1d4       13%         1
 Brom's Barrelling Bould  Conj/Erth      20%        2d4       19%         4
 Lesser Beckoning         Tloc           10%        N/A       21%         2
 Mercury Vapours          Alch/Air       10%        N/A       21%         2
 Hailstorm                Conj/Ice       10%        3d6       21%         3
 Frozen Ramparts          Ice            10%        1d2       36%         3
 Petrify                  Alch/Erth      15%        N/A       36%         4
 Borgnjor's Vile Clutch   Necr/Erth      7%         N/A       71%         5
 Olgreb's Toxic Radiance  Alch           5%         N/A       78%         4
 Alistair's Intoxication  Alch           3%         N/A       98%         5
 Eringya's Noxious Bog    Alch           2%         4d6       100%        6
 Plasma Beam              Fire/Air       2%         2x1d12    100%        6
 Starburst                Conj/Fire      5%         6d4       100%        6


Dungeon Overview and Level Annotations

Branches:
Dungeon (6/15)             Temple (1/1) D:4

Altars:
Ashenzari
Fedhas
Hepliaklqana
Kikubaaqudgha
Makhleb
Nemelex Xobeh
Qazlal
Ru
Uskayaw
Vehumet
Xom

Shops:
D:4 (

Annotations:
D:6 Blork the orc


Innate Abilities, Weirdness & Mutations

A weak demonic guardian rushes to your aid.
Your demonic aura sometimes causes spilled blood to erupt in flames.
Your movements are slightly less encumbered by armour. (ER -2)
You have a small tail.


Message History

You barely miss the gnoll sergeant. You block the gnoll sergeant's attack.
Your magical contamination has completely faded away.
You hit the gnoll sergeant but do no damage.
The gnoll sergeant hits you with a +0 trident!
You are too injured to fight recklessly!
The gnoll sergeant hits you from afar with a +0 trident.
The gnoll sergeant attacks as it pursues you!
The gnoll sergeant barely misses you.
A gnoll comes into view. It is wielding a +0 flail.
The gnoll sergeant attacks as it pursues you!
The gnoll sergeant barely misses you.
The gnoll shouts!
Found a stone staircase leading down.
The gnoll sergeant attacks as it pursues you!
The gnoll sergeant completely misses you.
The gnoll sergeant attacks as it pursues you!
The gnoll sergeant hits you from afar with a +0 trident!
The gnoll sergeant attacks as it pursues you!
The gnoll sergeant hits you from afar with a +0 trident.
* * * LOW HITPOINT WARNING * * *
A demonic guardian appears!
The gnoll sergeant attacks as it pursues you!
The gnoll sergeant closely misses you.
An electric eel comes into view.
The electric eel shoots out a bolt of lightning at you!
The bolt of electricity hits the plant!
The plant begins to die.
The bolt of electricity hits the plant!
The plant begins to die.
The bolt of electricity hits the plant!
The plant begins to die.
The bolt of electricity hits you!
* * * LOW HITPOINT WARNING * * *
There is a stone staircase leading down here.
Unknown command.
Unknown command.
Unknown command.
The gnoll sergeant completely misses you.
The gnoll barely misses your iron imp.
Your iron imp completely misses the gnoll sergeant.
The electric eel shoots out a bolt of lightning at you!
The bolt of electricity hits the plant! x3; The bolt of electricity hits you!
You die...

#................
#..........####.#
##.##....## #.#
#.#...### #.#
#.gg.## #.#
########g..##
......
#......5...#
......
#......g...#
......
#....@.....#
......
~PPP.........#
......
SPPP~###.#####
...... ♣♣~P ...
...... ≈≈~ .....
...... ♣♣ ....##
...... ....#
...... ### ......
......


You could see a gnoll sergeant (ally target), an electric eel, 3 gnolls and a
friendly iron imp (summoned).

Vanquished Creatures
  Eustachio (D:5)
  An ogre (D:6)
  3 scorpions
  3 wights (D:5)
  3 killer bees (D:5)
  A howler monkey (D:5)
  An orc priest (D:4)
  Terence (D:2)
  Jessica (D:2)
  3 orc wizards (D:5)
  2 iguanas
  3 gnolls (D:3)
  13 adders
  A white imp (D:6)
  4 dart slugs
  A ribbon worm (D:3)
  8 orcs
  9 ball pythons
  8 endoplasms
  3 giant cockroaches
  4 hobgoblins
  8 jackals
  5 kobolds
  8 bats
  5 frilled lizards
  6 goblins
  10 rats
116 creatures vanquished.

Vanquished Creatures (collateral kills)
  Prince Ribbit (D:6)
  A killer bee (D:5)
  2 hobgoblins (D:4)
4 creatures vanquished.

Vanquished Creatures (others)
  A bombardier beetle (D:4)
1 creature vanquished.

Grand Total: 121 creatures vanquished

Notes
Turn   | Place    | Note
-------+----------+-------------------------------------------
     0 | D:1      | DemonSlayer the Demonspawn Earth Elementalist began the
                  | quest for the Orb.
     0 | D:1      | Reached XP level 1. HP: 13/13 MP: 3/3
   124 | D:1      | Gained mutation: Your demonic aura sometimes causes spilled
                  | blood to erupt in flames. [demonic ancestry]
   124 | D:1      | Reached XP level 2. HP: 10/19 MP: 3/5
   508 | D:1      | Gained mutation: A weak demonic guardian rushes to your
                  | aid. [demonic ancestry]
   508 | D:1      | Reached XP level 3. HP: 24/24 MP: 0/7
   934 | D:1      | Learned a level 3 spell: Stone Arrow
   937 | D:1      | Learned a level 2 spell: Blink
  1045 | D:2      | Noticed Terence
  1181 | D:3      | Gained mutation: You have a small tail. [demonic ancestry]
  1181 | D:3      | Reached XP level 4. HP: 29/31 MP: 2/8
  1366 | D:3      | Found a faded altar of an unknown god.
  1674 | D:3      | Identified the ring of the Mpinguari {rC+ Will+ Str+4
                  | Dex-2}
  1941 | D:3      | Learned a level 3 spell: Passwall
  1948 | D:4      | Reached XP level 5. HP: 35/36 MP: 5/10
  2005 | D:4      | Found a broken altar of Ashenzari.
  2164 | D:4      | Found a staircase to the Ecumenical Temple.
  2177 | Temple   | Entered the Ecumenical Temple
  2607 | D:4      | Gained mutation: Your movements are slightly less
                  | encumbered by armour. (ER -2) [demonic ancestry]
  2607 | D:4      | Reached XP level 6. HP: 28/42 MP: 3/12
  2853 | D:4      | Found Ugyudgh's Antique Weapon Shoppe.
  2933 | D:5      | Entered Level 5 of the Dungeon
  2952 | D:5      | Found an ancient bone altar of Kikubaaqudgha.
  3025 | D:5      | Noticed Eustachio
  3287 | D:5      | Killed Eustachio
  3288 | D:5      | Reached skill level 5 in Spellcasting
  3288 | D:5      | Reached XP level 7. HP: 42/47 MP: 0/14
  3552 | D:5      | Reached skill level 5 in Earth Magic
  3628 | D:5      | HP: 2/47 [poisoned by a killer bee]
  3962 | D:5      | Reached skill level 1 in Fighting
  3962 | D:5      | Reached XP level 8. HP: 44/54 MP: 3/16
  4925 | D:2      | Noticed Jessica
  4926 | D:2      | Killed Jessica
  5164 | D:2      | Killed Terence
  5528 | D:6      | Noticed Prince Ribbit
  5539 | D:6      | Killed Prince Ribbit
  5540 | D:6      | Reached skill level 1 in Evocations
  5654 | D:6      | Found a sacrificial altar of Ru.
  5802 | D:6      | Noticed Blork the orc
  5842 | D:6      | Reached skill level 1 in Shields
  5870 | D:6      | Killed from afar by an electric eel

Illustrated notes

Levels and vault maps discovered:
D:1:      dpeg_arrival_lava_temple_mockup, layout_rooms,
          minmay_indecisive_spiral
D:2:      layout_basic, uniq_terence, uniq_jessica
D:3:      layout_rooms, hellmonk_ecumenical_altar_arch_garden
D:4:      layout_cave_pools, mainiacjoe_overflow_cross_hatched,
          minmay_temple_entry_glass, serial_shops, nicolae_shop_gibbet_a_chance,
          kennysheep_generic_room_12
D:5:      cheibrodos_quashed, layout_basic, kiku_gazebo_garden_becter,
          uniq_eustachio
D:6:      layout_rooms, nicolae_ru_sacrificial_ziggurat,
          lemuel_mausoleum_altar_yredelemnul, mainiacjoe_overflow_alcove_4,
          serial_bayou_lagoon_a, eino_tiny_chamber, minmay_gold_behind_fungi,
          nicolae_twisty_statue_hallways, uniq_blork_the_orc,
          uniq_prince_ribbit1
Temple:   hellmonk_temple_beads

Skill      XL: |  1  2  3  4  5  6  7  8 |
---------------+-------------------------+-----
Earth Magic    | 3 4 5 6 |  6.1
Dodging        | 2 |  2.9
Spellcasting   | 3 4 5 6 |  6.5
Stealth        | 2 |  2.7
Conjurations   | 2 3 |  3.0
Fighting       | 1 |  1.2
Evocations     | 1 |  1.0
Shields        | 1 |  1.0
Unarmed Combat | |  0.1

Action                     |  1- 3 |  4- 6 |  7- 9 || total
---------------------------+-------+-------+-------++-------
  Melee: Unarmed           |    15 |       |       ||    15
         Punch             |     1 |       |       ||     1
         Dagger            |     2 |     6 |    15 ||    23
         Tailslap          |       |     2 |     1 ||     3
   Cast: Sandblast         |    60 |    70 |    13 ||   143
         Stone Arrow       |       |     4 |    49 ||    53
  Evoke: Wand              |       |       |     6 ||     6
    Use: Potion            |     2 |       |     8 ||    10
         Scroll            |       |       |     2 ||     2
   Stab: Sleeping          |       |     1 |     1 ||     2
 Armour: Robe              |    37 |    26 |    41 ||   104
  Dodge: Dodged            |    49 |    27 |    33 ||   109
  Block: Other             |       |     4 |    14 ||    18
         Reflection        |       |     1 |       ||     1
